AoeStats
← aac

Golden Pit

509665425Analyzed
1v1 RM · 5d ago on Sep 27, 2026· 73m 43s· 2 players
Game mode
Random Map
Map size
Tiny (2 player)
Population
200
Speed
Normal
Resources
Standard
Victory
Conquest
Starting age
Dark Age
Ending age
Imperial Age
RankedLock teamsTeams togetherTeam positionsShared explorationLock speedFull tech treeHidden civsTurbo modeCheats
Victory
Defeat
🇦🇷 Vietnamese · Argentina
421
+15
🇬🇧 Koreans · United Kingdom
403
-15
LiteralCash9652
6:54 Loom
12:13 Feudal Age
14:20 Wheelbarrow
14:52 Horse Collar
15:32 Man-at-Arms
22:17 Scale Barding Armor
22:13 Scale Mail Armor
24:11 Forging
29:26 Castle Age
27:44 Fletching
30:38 Hand Cart
32:08 Chain Mail Armor
34:00 Crossbowman
34:45 Thumb Ring
34:03 Elite Skirmisher
39:13 Husbandry
38:33 Light Cavalry
40:56 Squires
40:16 Pikeman
40:16 Long Swordsman
46:20 Imperial Age
48:38 Elite Fire Lancer
49:57 Cavalier
49:58 Hussar
52:16 Arbalester
66:56 Two-Handed Swordsman
70:32 Halberdier
73:38 Chain Barding Armor
73:48 Plate Mail Armor
73:53 Iron Casting
aac
0:43 Loom
10:54 Feudal Age
12:18 Wheelbarrow
11:30 Double-Bit Axe
12:18 Stone Mining
27:47 Castle Age
28:25 Fletching
28:35 Padded Archer Armor
28:37 Scale Mail Armor
28:50 Forging
29:18 Pikeman
31:46 Hand Cart
31:45 Bow Saw
31:18 Horse Collar
34:20 Bodkin Arrow
34:40 Leather Archer Armor
36:10 Heavy Plow
35:38 Elite Skirmisher
38:17 Iron Casting
37:57 Chain Mail Armor
40:13 Crossbowman
41:00 Thumb Ring
44:33 Imperial Age
42:22 Chain Mail Armor
42:59 Ballistics
42:20 Treadmill Crane
42:53 Fortified Wall
44:25 Town Watch
44:57 Squires
46:15 Chemistry
45:27 Siege Engineers
45:27 Town Patrol
47:43 Plate Mail Armor
47:43 Ring Archer Armor
48:32 Imperial Skirmisher
50:43 Bracer
50:58 Masonry
50:45 Murder Holes
51:13 Block Printing
54:54 Halberdier
60:00 Two-Man Saw
Connection lost

Rejoining the realm…

Still unreachable

The connection could not be restored.

Session expired

The server has moved on; the page needs a fresh start.